 Dungeon Crawl Stone Soup version 0.29-a0-359-g541a27f54d (webtiles) character file.

Game seed: 9316571281330808442

243 Shayle the Sneak (level 6, -5/55 HPs)
             Began as a Tengu Brigand on Apr 28, 2022.
             Killed from afar by an orc wizard (7 damage)
             ... with a magic dart
             ... on level 4 of the Dungeon.
             The game lasted 00:07:32 (2354 turns).

Shayle the Sneak (Tengu Brigand)                    Turns: 2354, Time: 00:07:32

Health: -5/55      AC:  6    Str:  9 (11) XL:     6   Next: 9%
Magic:  7/7        EV: 12    Int: 12 (14) God:
Gold:   112        SH:  0    Dex: 13 (15) Spells: 5/5 levels left

rFire   . . .      SeeInvis .   k - +2 whip (pain)
rCold   . . .      Faith    .   r - orb {*Rage}
rNeg    . . .      Spirit   .   t - +0 ring mail
rPois   .          Reflect  .   (helmet restricted)
rElec   .          Harm     .   c - +0 cloak
rCorr   .          Rampage  .   (no gloves)
Will    .....      Rage     20% (boots unavailable)
Stlth   ..........              (no amulet)
HPRegen 0.18/turn               (no ring)
MPRegen 0.10/turn               (no ring)

@: brilliant, berserking, flying quickly and evasively, very quick
A: beak, talons 3, nimble flight
a: no special abilities


You were on level 4 of the Dungeon.
You visited 1 branch of the dungeon, and saw 4 of its levels.

You collected 112 gold pieces.

Inventory:

Hand Weapons
 a - a +2 dagger
 k - a +2 whip of pain (weapon)
 o - a +0 dagger of draining
Missiles
 d - 12 poisoned darts (quivered)
 e - 3 curare-tipped darts
Armour
 b - a +0 robe
 c - a +0 cloak (worn)
 r - an orb of wrath (worn)
 t - a +0 ring mail (worn)
Scrolls
 g - a scroll of immolation {unknown}
 h - 3 scrolls of identify {unknown}
 i - a scroll of fog {unknown}
 j - 3 scrolls of magic mapping {unknown}
 p - a scroll of blinking {unknown}
 s - a scroll of vulnerability {unknown}
 u - a scroll of amnesia {unknown}
 v - a scroll of enchant armour {unknown}
 w - a scroll of fear {unknown}
 x - a scroll of noise {unknown}
Potions
 f - a potion of lignification {unknown}
 n - a potion of degeneration
 q - a potion of curing {unknown}
 z - a potion of heal wounds {unknown}


   Skills:
 + Level 3.2 Fighting
 + Level 3.5 Short Blades
 + Level 3.2 Throwing
 + Level 3.0 Dodging
 + Level 4.9 Stealth


You had 5 spell levels left.
You didn't know any spells.
Your spell library was empty.

Dungeon Overview and Level Annotations

Branches:
Dungeon (4/15)
 Temple: D:4-7

Altars:


Innate Abilities, Weirdness & Mutations

You have a beak for a mouth.
You have claws for feet.
Your magical nature lets you fly swiftly and evasively.


Message History

The jackal barely misses you.
You barely miss the jackal.
The jackal is heavily wounded.
You feel less confused. The jackal barely misses you.
Something hits you but does no damage.
You miss the jackal.
The jackal is heavily wounded.
The jackal bites you but does no damage.
Something hits you but does no damage. The jackal misses you.
You hit the jackal.
The jackal is severely wounded.
The jackal bites you but does no damage.
Something hits you.
* * * LOW HITPOINT WARNING * * *
You hit the jackal but do no damage. Your kick misses the jackal.
You peck the jackal.
The jackal is almost dead.
The jackal barely misses you. Something hits you but does no damage.
The jackal closely misses you.
You closely miss the jackal. Your kick misses the jackal. You peck the jackal.
You kill the jackal!
You recover from your berserk rage.
Something hits you but does no damage.
Your Dodging skill increases to level 3!
Something hits you.
* * * LOW HITPOINT WARNING * * *
A red film seems to cover your vision as you go berserk!
You feel yourself moving faster!
You feel mighty!
You barely miss something. Your kick misses something.
Your peck misses something. Something barely misses you.
You closely miss something.
You hear some strange, mumbled words.
A puff of flame appears from out of thin air!
The puff of flame hits you!
* * * LOW HITPOINT WARNING * * *
You miss something. You claw something!
You hear some strange, mumbled words.
A magic dart appears from out of thin air!
The magic dart hits you!
You die...

.......
....... ###
...$...
##..###
.......
#.....#
#......
.....#
#....##....#
#...)....#
#........#
#....#{@..#
....#.##.).##
##.#.###...#
.#.#$....##
..........<#
...#.##...##
.# ## #.##..
#.# ...# #.#
....#


There were no monsters in sight!

Vanquished Creatures
  Pargi (D:3)
  A centaur skeleton (D:3)
  A hound zombie (D:3)
  2 adders
  An adder skeleton (D:3)
  3 worms
  A dart slug (D:1)
  6 orcs
  6 endoplasms (D:1)
  6 giant cockroaches
  4 goblins
  5 hobgoblins
  2 jackals (D:4)
  5 kobolds
  A quokka (D:3)
  5 ball pythons
  A ball python skeleton (D:3)
  3 bats
  3 frilled lizards
  4 rats
61 creatures vanquished.

Vanquished Creatures (others)
  3 withered plants (D:3)
3 creatures vanquished.

Grand Total: 64 creatures vanquished

Notes
Turn   | Place    | Note
-------+----------+-------------------------------------------
     0 | D:1      | Shayle the Tengu Brigand began the quest for the Orb.
     0 | D:1      | Reached XP level 1. HP: 12/12 MP: 2/2
   307 | D:1      | Reached XP level 2. HP: 17/17 MP: 3/3
   315 | D:1      | Found a faded altar of an unknown god.
   459 | D:1      | Reached XP level 3. HP: 20/21 MP: 4/4
   596 | D:1      | You fall into a shaft and drop 1 floor!
  1243 | D:3      | Noticed Pargi
  1289 | D:3      | Reached XP level 4. HP: 27/27 MP: 5/5
  1764 | D:3      | Gained mutation: Your magical nature lets you fly swiftly
                  | and evasively. [Tengu growth]
  1764 | D:3      | Reached XP level 5. HP: 27/32 MP: 6/6
  1891 | D:3      | Killed Pargi
  2039 | D:3      | Reached XP level 6. HP: 37/37 MP: 7/7
  2353 | D:4      | HP: 2/55 [something/puff of flame (7)]
  2354 | D:4      | Killed from afar by an orc wizard

Illustrated notes

Levels and vault maps discovered:
D:1:      lightli_arrival_maybe_door_vault, layout_loops_ring,
          shapermc_ecumenical_altar_mp_vishouse
D:2:      layout_basic, kennysheep_generic_room_10
D:3:      layout_loops_cross, serial_undead, serial_undead_d, serial_undead_b,
          serial_undead_d, serial_undead_e, serial_undead_b, serial_undead_e,
          uniq_pargi
D:4:      layout_cave_pools, mainiacjoe_overflow_cross_hatched, uniq_sigmund

Skill      XL: |  1  2  3  4  5  6 |
---------------+-------------------+-----
Dodging        | 2 3 |  3.0
Short Blades   | 3 |  3.5
Fighting       | 3 |  3.2
Throwing       | 3 |  3.2
Stealth        | |  4.9

Action                   |  1- 3 |  4- 6 || total
-------------------------+-------+-------++-------
Melee: Dagger            |     9 |       ||     9
       Kick              |    13 |    21 ||    34
       Whip              |    50 |    69 ||   119
       Peck              |     6 |    11 ||    17
Throw: Dart              |       |     6 ||     6
  Use: Potion            |       |     3 ||     3
 Stab: Sleeping          |    12 |     2 ||    14
       Distracted        |     1 |     1 ||     2
Armor: Robe              |     6 |       ||     6
       Ring mail         |     5 |    46 ||    51
Dodge: Dodged            |    25 |    75 ||   100

Table legend: (Time is in decaauts)
 A = Elapsed time spent in this place.
 B = Non-inter-level travel time spent in this place.
 C = Inter-level travel time spent in this place.
 D = Time resting spent in this place.
 E = Time spent auto-exploring this place.
 F = Levels seen in this place.
 G = Mean time per level.
                   A        B        C        D        E       F      G
               +--------+--------+--------+--------+--------+-----+--------+
         Total |   2388 |   2278 |    110 |      0 |   1548 |   4 |  597.0 |
       Dungeon |   2388 |   2278 |    110 |      0 |   1548 |   4 |  597.0 |
               +--------+--------+--------+--------+--------+-----+--------+

Top non-repeatable levels by time:
     D:3: 1124 daAuts
     D:1: 876 daAuts
     D:2: 335 daAuts
     D:4: 53 daAuts
